Map: Efflorescence LE

Players

PassingGas

  • Race: Zerg Zerg
  • Spawn Location: 12:00

LetsGetSilly

  • Race: Terran Terran
  • Spawn Location: 3:00

Throwfordays

  • Race: Protoss Protoss
  • League: Silver
  • Spawn Location: 9:00

Faust

  • Race: Zerg Zerg
  • League: Diamond
  • Spawn Location: 6:00

VOD

Have the link to the VOD?

Description

Time

  • Played on: Feb. 6, 2019, 2:48 p.m.
  • Length: 17:58
Show
View Real Time Build Order
Export as new Build Order

PassingGas Zerg 

Build Orders: Hatch First, Swarm Host 

Get SALT Encoding   

  12  0:09  Overlord  
  12  0:13  Drone  
  13  0:19  Drone  
  15  0:28  Drone  
  15  0:32  Drone  
  16  0:43  Drone  
  17  0:58  Drone  
  17  1:00  Hatchery  
  17  1:07  Drone  
  18  1:14  Drone  
  19  1:21  Extractor, Spawning Pool  
  17  1:26  Drone  
  18  1:35  Drone  
  19  1:55  Hatchery  
  18  2:03  Drone x2  
  20  2:13  Drone x2  
  22  2:17  Queen  
  22  2:22  Overlord  
  24  2:32  Metabolic Boost  
  24  2:38  Drone x3  
  27  2:47  Zergling x2  
  27  2:49  Spine Crawler  
  27  2:50  Drone  
  28  2:56  Queen  
  30  2:59  Drone  
  31  3:09  Drone x4  
  35  3:23  Drone x4  
  39  3:36  Extractor  
  39  3:38  Extractor  
  39  3:40  Zergling x2, Drone x2  
  40  3:43  Zergling x4  
  41  3:53  Overlord x3  
  39  4:20  Spine Crawler  
  39  4:21  Lair  
  38  4:26  Zergling x8  
  38  4:27  Zergling x12  
  38  4:28  Zergling x2  
  48  4:36  Drone  
  49  4:39  Queen  
  51  4:49  Spore Crawler  
  51  4:51  Zergling x2  
  51  4:52  Zergling x6  
  54  5:04  Queen  
  56  5:07  Spore Crawler  
  56  5:12  Drone x4  
  56  5:13  Drone  
  60  5:15  Queen  
  62  5:29  Hatchery  
  58  5:44  Extractor  
  58  5:46  Baneling Nest  
  58  5:49  Drone x2  
  59  5:50  Drone x7, Hydralisk Den  
  59  5:51  Drone  
  65  5:58  Spore Crawler  
  65  6:01  Spore Crawler  
  65  6:03  Spore Crawler  
  62  6:12  Spore Crawler  
  62  6:15  Spore Crawler  
  60  6:25  Muscular Augments, Hydralisk x2  
  64  6:37  Spore Crawler  
  63  6:42  Spore Crawler  
  62  6:49  Spore Crawler  
  61  7:05  Hydralisk x5  
  71  7:17  Centrifical Hooks  
  71  7:23  Overlord x6  
  71  7:36  Grooved Spines  
  71  7:45  Spore Crawler  
  71  7:48  Spore Crawler  
  66  8:03  Hydralisk x6  
  66  8:04  Hydralisk x3  
  80  8:16  Drone x4  
  80  8:17  Drone x2  
  86  8:39  Drone x4  
  86  8:40  Drone x7  
  97  9:16  Hatchery  
  91  9:30  Drone x2  
  91  9:31  Drone x6, Overlord x3  
  98  9:32  Drone x5  
  98  9:33  Drone  
  99  10:13  Zergling x2, Hydralisk x7  
  99  10:14  Zergling x8  
  92  10:27  Evolution Chamber  
  91  10:28  Evolution Chamber  
  91  10:30  Evolution Chamber  
  89  10:53  Extractor  
  89  10:54  Spore Crawler  
  89  10:56  Spore Crawler  
  86  10:57  Spore Crawler, Extractor  
  84  11:04  Spine Crawler  
  84  11:05  Spine Crawler  
  82  11:32  Zerg Melee Weapons Level 1, Zerg Ground Armor Level 1, Zerg Missile Weapons Level 1  
  82  11:39  Infestation Pit  
  80  11:53  Queen  
  82  11:59  Hatchery  
  81  12:06  Overseer  
  81  12:07  Overseer  
  81  12:18  Zergling x4, Hydralisk x7  
  81  12:19  Zergling x14, Hydralisk x7  
  81  12:20  Zergling x10, Hydralisk  
  125  12:57  Swarm Host x3  
  134  13:00  Overlord x2  
  134  13:01  Overlord x5  
  134  13:10  Baneling x5  
  134  13:13  Hive  
  134  13:33  Drone x2  
  134  13:34  Drone x7  
  139  13:35  Drone x7  
  139  13:36  Drone x2  
  152  13:44  Nydus Network  
  152  13:47  Queen  
  153  14:02  Overseer  
  153  14:03  Overseer  
  153  14:06  Pneumatized Carapace  
  153  14:21  Nydus Canal  
  153  14:27  Zergling x4, Hydralisk x6  
  153  14:28  Zergling x8, Overlord x5  
  153  14:29  Overlord x2  
  171  14:41  Swarm Host x6  
  189  15:06  Nydus Canal  
  188  15:30  Hydralisk x4  
  188  15:31  Zergling x6  
  188  15:35  Nydus Canal  
  199  15:58  Nydus Canal  
  199  16:08  Hatchery  
  198  16:16  Hatchery  
  197  16:26  Nydus Canal  
  196  16:40  Nydus Canal  
  190  16:54  Nydus Canal  
  170  17:12  Hydralisk  
  170  17:13  Zergling x10, Hydralisk x6  
  170  17:14  Zergling x14, Hydralisk x2  
  174  17:43  Nydus Canal  
Show
View Real Time Build Order
Export as new Build Order

LetsGetSilly Terran 

Build Orders: Reaper Expand 

Get SALT Encoding   

  12  0:01  SCV  
  13  0:13  SCV  
  14  0:18  Supply Depot  
  14  0:25  SCV  
  15  0:39  SCV  
  15  0:41  Barracks  
  16  0:45  Refinery  
  16  0:52  SCV  
  17  1:04  SCV  
  18  1:16  SCV  
  19  1:28  Orbital Command  
  19  1:30  Reaper  
  20  1:44  Command Center  
  20  1:54  SCV  
  20  1:58  Barracks  
  21  2:03  Barracks Reactor  
  21  2:09  Supply Depot  
  21  2:13  SCV  
  22  2:16  Refinery  
  22  2:25  SCV  
  23  2:38  SCV  
  24  2:49  Barracks Tech Lab  
  24  2:51  SCV, Factory  
  25  2:53  Marine  
  25  2:54  Marine  
  27  3:01  Orbital Command  
  27  3:03  SCV  
  28  3:21  SCV  
  29  3:31  SCV  
  29  3:33  SCV  
  31  3:34  Marine x2  
  31  3:35  Marine  
  31  3:36  Stimpack  
  31  3:37  Factory Reactor  
  34  3:41  Starport  
  34  3:43  SCV  
  34  3:45  SCV  
  36  4:04  Marine  
  36  4:05  Marine x2  
  40  4:10  SCV x2  
  41  4:18  Supply Depot  
  41  4:19  Engineering Bay  
  41  4:24  Marine x3  
  41  4:29  SCV x2  
  46  4:39  Medivac x2  
  46  4:40  Supply Depot, Widow Mine  
  46  4:41  SCV  
  46  4:42  SCV  
  54  4:56  Supply Depot  
  54  5:00  Supply Depot  
  54  5:02  Marine x3, SCV x2  
  59  5:08  Refinery  
  59  5:09  Widow Mine  
  59  5:10  Refinery  
  61  5:14  SCV  
  61  5:15  Supply Depot  
  61  5:18  SCV, Terran Infantry Weapons Level 1  
  61  5:19  Marine  
  64  5:26  SCV  
  64  5:30  SCV  
  65  5:38  SCV  
  65  5:42  Marine, SCV  
  67  5:43  Marine x2, Factory Tech Lab  
  67  5:44  Medivac x2  
  74  5:50  SCV  
  74  5:51  Command Center  
  74  5:54  SCV  
  75  6:00  Marine x2  
  75  6:01  Marine  
  70  6:19  SCV  
  70  6:20  Missile Turret  
  70  6:21  Marine x3  
  70  6:23  Missile Turret  
  70  6:24  Missile Turret  
  65  6:25  Missile Turret  
  65  6:28  SCV  
  65  6:29  Siege Tank  
  65  6:31  SCV  
  68  6:40  SCV  
  68  6:43  Marine x2, SCV  
  72  6:52  SCV  
  72  6:53  Armory  
  73  6:56  Engineering Bay  
  73  6:57  SCV  
  73  6:58  Marine  
  73  6:59  Medivac x2  
  73  7:01  Marine  
  79  7:04  SCV  
  81  7:08  Marine  
  81  7:09  Siege Tank  
  84  7:16  Marine  
  85  7:25  SCV  
  86  7:33  Missile Turret  
  86  7:34  SCV  
  86  7:35  Marine  
  86  7:36  Marine x2  
  90  7:37  SCV  
  90  7:39  Sensor Tower  
  91  7:45  Barracks x2  
  91  7:46  SCV, Barracks  
  91  7:48  Combat Shield  
  91  7:49  SCV  
  91  7:51  Planetary Fortress  
  93  7:59  Marine x3  
  96  8:09  Medivac x2  
  100  8:16  Marine  
  101  8:29  Missile Turret  
  101  8:30  Missile Turret  
  101  8:35  Refinery  
  101  8:36  Refinery  
  101  8:38  Missile Turret x2  
  101  8:46  Supply Depot  
  101  8:51  Supply Depot  
  101  8:55  Marine x2  
  101  8:56  Marine x2  
  101  8:58  Marine x2, SCV  
  101  8:59  Medivac  
  101  9:00  Medivac  
  96  9:03  Thor  
  97  9:13  Marine x2  
  97  9:14  Marine x2  
  97  9:16  Marine x2  
  103  9:18  SCV x2  
  105  9:29  Medivac  
  105  9:30  Medivac  
  105  9:31  Marine x2  
  109  9:32  Marine x2  
  109  9:34  Marine  
  114  9:39  Marine  
  114  9:41  SCV x2  
  114  9:45  Terran Infantry Armor Level 1, Terran Infantry Weapons Level 2  
  117  9:48  Terran Vehicle And Ship Armor Level 1  
  117  9:49  Concussive Shells  
  117  10:02  Barracks Reactor x2  
  117  10:03  Barracks Reactor  
  117  10:09  Supply Depot x2  
  117  10:10  Supply Depot  
  117  10:30  Marine x2  
  115  10:40  Marine x2  
  115  10:41  Marine x2  
  114  10:43  SCV  
  114  10:44  SCV x2  
  117  10:55  Command Center  
  117  11:01  Marine  
  117  11:02  Marine x8  
  117  11:03  Medivac x2  
  130  11:09  Supply Depot  
  130  11:10  Supply Depot  
  130  11:11  Supply Depot  
  126  11:19  Marine  
  126  11:20  Marine x8  
  135  11:28  Thor  
  141  11:37  Marine x7  
  141  11:38  Marine x2  
  147  11:55  Marine x9  
  147  12:00  Medivac x2  
  157  12:08  Planetary Fortress  
  157  12:10  Thor  
  157  12:13  Marine x9  
  172  12:16  Missile Turret  
  172  12:17  Missile Turret  
  172  12:18  Missile Turret  
  172  12:19  Terran Infantry Armor Level 2, Terran Infantry Weapons Level 3  
  172  12:20  Missile Turret  
  169  12:25  Starport  
  169  12:26  Starport  
  169  12:30  Marine  
  169  12:31  Marine x8  
  169  12:34  Medivac  
  180  13:03  Marine  
  180  13:05  Marine x3  
  180  13:06  Marine  
  180  13:07  Marine x2  
  180  13:08  Marine x2  
  180  13:09  Medivac  
  178  13:20  Starport Reactor  
  178  13:21  Medivac  
  180  13:41  Marine x2  
  180  13:45  Marine  
  180  13:47  Marine  
  180  13:52  Marine  
  180  14:04  Marine  
  180  14:05  Marine  
  180  14:07  Marine  
  180  14:08  Marine  
  180  14:37  Marine x8, Medivac x2, Siege Tank  
  180  14:38  Marine, Medivac x3  
  177  14:39  Fusion Core  
  177  14:41  Refinery  
  161  14:54  Marine x5  
  161  14:55  Marine x4, Starport  
  161  14:59  Refinery, Starport  
  170  15:01  Fusion Core  
  170  15:02  Starport  
  170  15:04  Fusion Core  
  170  15:07  Medivac x2  
  170  15:08  Medivac x3, Armory  
  170  15:11  Armory  
  180  15:17  Marine  
  180  15:31  Marine  
  180  15:34  Marine x2  
  180  15:35  Marine x2  
  180  15:36  Marine  
  180  15:37  Marine  
  180  15:38  Marine  
  180  15:46  Marine, Medivac x3  
  180  15:49  Marine  
  180  15:52  Marine  
  180  16:02  Marine x6  
  180  16:04  Starport Tech Lab x2  
  180  16:05  Starport Tech Lab  
  180  16:11  Marine  
  180  16:13  Marine x2  
  179  16:18  Supply Depot  
  179  16:20  Marine, Supply Depot, Starport Tech Lab  
  179  16:23  Supply Depot  
  179  16:24  Supply Depot  
  180  16:39  Marine x2, Thor  
  180  16:41  Marine x7  
  195  16:50  Battlecruiser  
  197  17:23  Widow Mine  
Show
View Real Time Build Order
Export as new Build Order

Throwfordays Protoss 

Build Orders: Cannon Rush 

Get SALT Encoding   

  12  0:01  Probe  
  13  0:13  Probe  
  14  0:20  Pylon  
  14  0:25  Probe  
  15  0:38  Probe  
  15  0:39  Forge  
  16  0:50  Pylon  
  16  1:06  Assimilator, Probe  
  17  1:12  Assimilator  
  17  1:18  Probe  
  18  1:26  Photon Cannon  
  18  1:30  Probe  
  19  1:35  Photon Cannon  
  19  1:42  Probe  
  20  1:47  Photon Cannon  
  20  1:55  Probe  
  21  2:08  Probe  
  22  2:10  Photon Cannon  
  22  2:20  Photon Cannon, Probe  
  23  2:30  Photon Cannon  
  23  2:46  Photon Cannon  
  23  2:52  Photon Cannon  
  23  3:03  Pylon  
  23  3:23  Photon Cannon  
  23  3:26  Photon Cannon  
  23  3:48  Photon Cannon  
  23  3:56  Nexus  
  23  4:03  Pylon  
  23  4:19  Pylon  
  23  4:26  Photon Cannon  
  23  4:35  Photon Cannon  
  23  4:43  Photon Cannon  
  23  4:52  Photon Cannon  
  23  5:19  Probe  
  23  5:21  Probe  
  24  5:27  Probe  
  25  5:29  Probe  
  25  5:35  Probe  
  27  5:37  Probe  
  29  5:47  Probe  
  29  5:49  Probe  
  31  5:59  Probe  
  31  6:01  Probe  
  33  6:15  Pylon  
  33  6:20  Pylon  
  33  6:33  Probe  
  34  6:42  Assimilator  
  34  6:44  Assimilator  
  34  6:46  Probe  
  35  6:52  Photon Cannon  
  35  6:54  Photon Cannon  
  35  6:58  Probe  
  35  7:00  Photon Cannon  
  36  7:10  Photon Cannon  
  36  7:15  Probe  
  36  7:18  Probe  
  38  7:27  Probe x2  
  38  7:35  Probe x2  
  40  7:38  Pylon  
  40  7:40  Nexus  
  42  7:44  Protoss Shields Level 1, Probe  
  43  7:54  Pylon  
  43  8:03  Photon Cannon  
  43  8:06  Photon Cannon  
  43  8:20  Assimilator  
  43  8:24  Assimilator  
  43  8:42  Photon Cannon  
  43  8:44  Photon Cannon, Probe  
  44  8:49  Probe  
  45  8:56  Probe  
  45  9:01  Probe  
  47  9:04  Photon Cannon  
  47  9:08  Photon Cannon, Probe  
  47  9:09  Probe  
  49  9:10  Photon Cannon  
  49  9:12  Photon Cannon  
  49  9:13  Probe  
  50  9:21  Probe  
  51  9:33  Photon Cannon  
  51  9:34  Probe  
  51  9:36  Photon Cannon x2  
  52  9:40  Photon Cannon  
  52  9:41  Photon Cannon  
  52  9:43  Pylon  
  52  9:45  Pylon  
  52  9:46  Probe  
  53  9:58  Probe  
  47  10:09  Pylon  
  47  10:22  Pylon  
  47  10:23  Probe  
  48  10:35  Probe  
  49  10:47  Probe  
  49  10:49  Probe  
  51  10:57  Photon Cannon x2  
  51  10:59  Photon Cannon, Probe  
  51  11:01  Photon Cannon x2, Probe  
  51  11:03  Photon Cannon  
  53  11:11  Photon Cannon, Probe  
  53  11:13  Probe  
  53  11:14  Photon Cannon  
  55  11:23  Probe  
  55  11:25  Gateway, Probe  
  57  11:28  Pylon  
  57  11:31  Pylon  
  57  11:35  Probe  
  57  11:37  Probe  
  59  11:44  Pylon  
  59  11:47  Pylon  
  59  12:17  Protoss Ground Weapons Level 1  
  59  12:31  Pylon  
  59  12:39  Cybernetics Core  
  59  12:46  Photon Cannon  
  59  12:48  Photon Cannon  
  59  12:50  Photon Cannon  
  59  12:51  Photon Cannon  
  59  12:53  Photon Cannon  
  57  13:12  Pylon  
  57  13:19  Pylon  
  57  13:22  Photon Cannon x2  
  57  13:23  Gateway  
  56  13:38  Photon Cannon  
  56  13:40  Photon Cannon  
  56  13:41  Photon Cannon  
  24  14:20  Gateway x2  
  24  14:29  Pylon  
  24  14:31  Pylon  
  24  16:19  Cybernetics Core  
  24  16:25  Nexus  
  24  16:29  Pylon  
  24  17:11  Assimilator  
  24  17:15  Assimilator  
Show
View Real Time Build Order
Export as new Build Order

Faust Zerg 

Build Orders: Hatch First, Muta Ling Bane 

Get SALT Encoding   

  12  0:01  Drone  
  13  0:08  Drone  
  14  0:19  Extractor  
  14  0:20  Drone  
  15  0:23  Overlord  
  15  0:45  Drone x2  
  17  0:57  Hatchery, Drone  
  17  1:02  Drone  
  18  1:04  Extractor  
  18  1:10  Drone  
  18  1:23  Spawning Pool  
  18  1:24  Drone  
  18  1:29  Drone  
  19  1:40  Overlord  
  19  2:09  Metabolic Boost  
  19  2:10  Queen x2  
  19  2:11  Zergling x4  
  19  2:15  Zergling x2  
  26  2:19  Drone  
  27  2:39  Zergling x4  
  27  2:40  Zergling x2  
  30  2:45  Drone x2  
  30  2:46  Drone  
  32  2:58  Drone x2  
  34  3:03  Overlord  
  34  3:07  Lair  
  34  3:09  Extractor  
  33  3:14  Drone  
  33  3:15  Drone  
  33  3:17  Drone  
  36  3:25  Drone x3  
  36  3:27  Drone  
  40  3:34  Drone x3  
  42  3:38  Overlord  
  43  3:52  Baneling Nest  
  39  4:12  Drone  
  39  4:13  Drone x7  
  39  4:14  Drone  
  39  4:16  Extractor  
  47  4:17  Extractor  
  47  4:20  Overlord  
  47  4:23  Spire  
  45  4:34  Drone x2  
  47  4:42  Drone x2  
  49  4:47  Overlord x3  
  49  4:48  Overlord  
  49  4:59  Baneling  
  49  5:24  Overlord  
  46  5:36  Mutalisk x5  
  46  5:37  Mutalisk x5  
  46  5:40  Mutalisk  
  68  5:43  Zerg Flyer Weapons Level 1  
  68  5:44  Mutalisk x4  
  76  5:51  Mutalisk x2  
  76  5:56  Zergling x4  
  82  6:00  Mutalisk  
  58  6:25  Drone  
  58  6:26  Drone x2  
  58  6:27  Drone x5  
  58  6:29  Mutalisk  
  68  6:35  Drone  
  68  6:36  Queen  
  71  6:44  Baneling x2  
  71  6:58  Mutalisk x2  
  71  6:59  Mutalisk x2  
  73  7:30  Drone x6  
  73  7:34  Overlord  
  79  7:43  Zerg Flyer Weapons Level 2  
  79  7:49  Hatchery  
  75  8:02  Mutalisk x2  
  75  8:03  Mutalisk x5  
  83  8:16  Zergling x4  
  83  8:17  Zergling x2  
  86  8:22  Drone  
  83  8:30  Mutalisk x2  
  87  8:41  Centrifical Hooks  
  87  8:45  Zergling x2  
  87  8:46  Zergling x12  
  89  8:59  Mutalisk  
  75  9:03  Mutalisk x2  
  75  9:04  Mutalisk  
  81  9:12  Zergling x4  
  68  9:26  Zergling x2  
  68  9:27  Zergling x10  
  68  9:31  Baneling x3  
  74  9:32  Baneling  
  74  9:49  Baneling x3  
  74  9:50  Baneling x3  
  67  10:15  Mutalisk  
  67  10:16  Mutalisk x10  
  67  10:20  Zergling x2  
  77  10:43  Hatchery  
  72  10:58  Hatchery  
  72  10:59  Zergling x2  
  72  11:00  Zergling x18  
  81  11:06  Infestation Pit  
  81  11:10  Drone  
  83  11:11  Drone x2  
  75  11:20  Zergling x4  
  75  11:25  Baneling x8  
  74  11:26  Baneling x6  
  74  11:32  Mutalisk  
  74  11:33  Mutalisk x4  
  63  11:58  Zergling x2  
  63  11:59  Zergling x8  
  63  12:05  Drone x2  
  63  12:06  Drone x4  
  69  12:14  Drone  
  69  12:15  Drone  
  56  12:30  Evolution Chamber x2  
  56  12:32  Hive  
  56  12:34  Zerg Flyer Armor Level 1  
  56  12:36  Queen, Drone x9  
  65  12:46  Baneling x10  
  65  12:55  Extractor  
  64  12:59  Zerg Melee Weapons Level 1  
  64  13:01  Zerg Ground Armor Level 1  
  64  13:04  Mutalisk  
  64  13:05  Mutalisk x10  
  86  13:13  Mutalisk x4  
  94  13:21  Zergling x6  
  97  13:33  Zergling x2  
  98  13:36  Overlord x4  
  98  13:47  Extractor  
  97  14:02  Zergling x8  
  101  14:03  Zergling x16  
  101  14:07  Adrenal Glands  
  101  14:09  Ultralisk Cavern  
  108  14:13  Drone x3  
  108  14:14  Drone x3  
  99  14:44  Zergling x2  
  99  14:45  Zergling x24  
  102  14:58  Zerg Ground Armor Level 2  
  99  15:16  Baneling x6  
  99  15:17  Baneling  
  99  15:18  Mutalisk x7  
  99  15:19  Mutalisk x3  
  117  15:28  Spore Crawler  
  117  15:29  Spore Crawler, Chitinous Plating  
  84  15:48  Zergling x10  
  84  15:49  Zergling x10  
  73  15:58  Ultralisk x3  
  73  15:59  Ultralisk x3  
  101  16:06  Zergling x2  
  101  16:07  Zergling x8  
  98  16:13  Zergling x4  
  93  16:19  Drone x4  
  93  16:24  Zergling x2  
  93  16:25  Zergling x2  
  99  16:28  Overseer x2  
  98  16:34  Ultralisk  
  95  17:02  Zergling x26  
  73  17:20  Hatchery  
  66  17:28  Drone x4  
  66  17:29  Drone x3  
Tags
 
Add a new tag
Caveats
  • Supply blocks, unpowered buildings, or Contaminate may cause inaccurate times.
  • Supply counts are checked every 10 seconds.